AoeStats
← Chigüiro

Pilgrims

509777898Analyzed
4v4 RM · 4d ago on Sep 28, 2026· 40m 7s· 8 players
Game mode
Random Map
Map size
Large (8 player)
Population
200
Speed
Normal
Resources
Standard
Victory
Conquest
Starting age
Dark Age
Ending age
Imperial Age
RankedLock teamsTeams togetherTeam positionsShared explorationLock speedFull tech treeHidden civsTurbo modeCheats
Victory
Defeat
🇵🇪 Danes · Peru
1599
+14
🇨🇴 Bulgarians · Colombia
1537
+17
🇺🇸 Celts · United States
1523
+18
🇺🇸 Varangians · United States
1505
+18
🇺🇸 Portuguese · United States
1615
-18
🇺🇸 Dravidians · United States
1563
-17
🇺🇸 Romans · United States
1531
-16
🇺🇸 Varangians · United States
1530
-16
MooSpecial
8:06 Loom
10:26 Feudal Age
11:07 Fishing Lines
14:53 Castle Age
13:21 Double-Bit Axe
14:32 Horse Collar
14:53 Fletching
15:53 Wheelbarrow
16:23 Bow Saw
16:38 Heavy Plow
24:03 Scale Mail Armor
28:42 Chain Mail Armor
30:23 Hand Cart
32:59 Forging
34:29 Town Watch
42:34 Imperial Age
K-1000
10:17 Feudal Age
10:59 Double-Bit Axe
15:47 Fletching
18:54 Castle Age
21:52 Bodkin Arrow
23:41 Town Watch
38:11 Fishing Lines
38:57 Stone Mining
40:15 Wheelbarrow
Chigüiro
6:24 Loom
12:03 Feudal Age
13:33 Double-Bit Axe
14:41 Forging
15:25 Arson
21:29 Castle Age
19:55 Scale Mail Armor
20:00 Horse Collar
23:44 Fletching
27:06 Scale Barding Armor
29:23 Gold Mining
31:20 Chain Barding Armor
33:16 Bloodlines
33:06 Husbandry
36:01 Light Cavalry
38:38 Bow Saw
41:31 Imperial Age
39:14 Bodkin Arrow
39:57 Iron Casting
P4tr1ckLML
4:13 Loom
11:38 Feudal Age
12:13 Double-Bit Axe
14:22 Stone Mining
17:08 Castle Age
18:08 Bow Saw
17:51 Gold Mining
18:06 Town Watch
20:23 Scale Mail Armor
21:15 Chain Mail Armor
22:30 Squires
23:02 Arson
23:29 Forging
28:18 Gambesons
29:13 Wheelbarrow
28:24 Horse Collar
30:24 Iron Casting
31:31 Heavy Plow
31:34 Fletching
33:28 Hand Cart
39:01 Imperial Age
37:22 Gold Shaft Mining
37:22 Stone Shaft Mining
39:05 Hamask
41:00 Plate Mail Armor
washed_king
11:05 Feudal Age
11:38 Double-Bit Axe
12:13 Loom
13:58 Fishing Lines
16:49 Castle Age
14:50 Gold Mining
17:22 Town Watch
17:47 Bow Saw
17:46 Gillnets
18:14 Medium Warships
18:13 Scale Barding Armor
20:26 Wheelbarrow
20:20 Husbandry
21:44 Stone Mining
21:39 Horse Collar
22:14 Bloodlines
23:18 Squires
23:04 Gambesons
23:34 Forging
23:25 Scale Mail Armor
26:53 Hand Cart
28:02 Stone Shaft Mining
29:19 Heavy Plow
32:35 Imperial Age
30:19 Fletching
FishCakes
9:03 Loom
11:27 Feudal Age
12:04 Double-Bit Axe
14:38 Fletching
15:13 Padded Archer Armor
20:47 Castle Age
19:38 Horse Collar
20:22 Gold Mining
20:23 Stone Mining
21:21 Bloodlines
21:58 Medium Warships
21:44 Bodkin Arrow
23:39 Wheelbarrow
DeltaFish
8:35 Loom
11:03 Feudal Age
11:50 Double-Bit Axe
15:17 Fletching
17:40 Man-at-Arms
22:19 Castle Age
20:40 Forging
20:31 Scale Mail Armor
21:25 Fishing Lines
22:11 Fishing Lines
22:43 Long Swordsman
23:24 Squires
23:08 Horse Collar
24:03 Medium Warships
25:59 Chain Mail Armor
26:19 Iron Casting
25:53 Gillnets
31:10 Bow Saw
34:28 Wheelbarrow
38:36 Gold Mining
FishCrates
9:24 Feudal Age
9:53 Loom
9:54 Double-Bit Axe
14:30 Fishing Lines
18:20 Fletching
24:23 Castle Age
25:45 Gillnets
27:19 Bodkin Arrow
26:45 Crossbowman
30:05 Wheelbarrow
30:05 Town Watch
30:37 Horse Collar
33:25 Demolition Ship
38:09 Imperial Age
37:25 Thumb Ring
38:25 Heavy Plow
38:45 Hand Cart
39:18 Ballistics
39:58 Chemistry
40:05 Conscription
39:49 Bodkin Arrow
Connection lost

Rejoining the realm…

Still unreachable

The connection could not be restored.

Session expired

The server has moved on; the page needs a fresh start.